 Dungeon Crawl Stone Soup version 0.31-a0-237-g2d982f9f85 (webtiles) character file.

Game seed: 5407935458791681466

74 qw the Shooter (level 4, -2/36 HPs)
             Began as a Minotaur Hexslinger on July 11, 2023.
             Slain by Grinder (6 damage)
             ... on level 3 of the Dungeon.
             The game lasted 00:00:41 (1788 turns).

qw the Shooter (Minotaur Hexslinger)                Turns: 1788, Time: 00:00:42

Health: -2/36      AC:  6    Str: 13    XL:     4   Next: 10%
Magic:  4/4        EV: 12    Int: 10    God:
Gold:   167        SH:  0    Dex: 14    Spells: 4/5 levels left

rFire   . . .        Y - +1 sling
rCold   . . .        (no shield)
rNeg    . . .        b - +3 leather armour
rPois   .            (helmet restricted)
rElec   .            (no cloak)
rCorr   .            (no gloves)
SInv    .            (no boots)
Will    .....        (no amulet)
Stlth   +            (no ring)
HPRegen 0.26/turn    (no ring)
MPRegen 0.09/turn

%: no passive effects
@: no status effects
A: horns 2, retaliatory headbutt
a: no special abilities


You were on level 3 of the Dungeon.
You visited 1 branch of the dungeon, and saw 3 of its levels.

You collected 167 gold pieces.


Innate Abilities, Weirdness & Mutations

You have a pair of horns on your head.
You reflexively headbutt those who attack you in melee.


   Skills:
 - Level 2.0 Fighting
 + Level 4.6 Ranged Weapons
 - Level 2.1 Dodging
 - Level 1.0 Spellcasting
 - Level 2.0 Hexes


You had 4 spell levels left.
You knew the following spells:

 Your Spells              Type           Power      Damage    Failure   Level
a - Slow                  Hex            16%        N/A       19%         1

Your spell library contained the following spells:

 Spells                   Type           Power      Damage    Failure   Level
 Inner Flame              Hex/Fire       2%         N/A       65%         3
 Portal Projectile        Hex/Tloc       4%         N/A       65%         3
 Cause Fear               Hex            2%         N/A       88%         4

Inventory:

Hand Weapons
 Y - a +1 sling (weapon)
Armour
 b - a +3 leather armour (worn)
Scrolls
 d - a scroll of noise {unknown}
 h - a scroll of fear {unknown}
Potions
 a - 2 potions of magic {unknown}
 c - a potion of cancellation {unknown}
 e - a potion of lignification {unknown}
 f - a potion of heal wounds {unknown}
 g - a potion of haste {unknown}
 i - a potion of brilliance {unknown}

Dungeon Overview and Level Annotations

Branches:
Dungeon (3/15)

Altars:

Shops:
D:1 (

Annotations:
D:3 Grinder


Message History

Grinder is lightly wounded.
Grinder hits you.
You writhe in agony.
You shoot a sling bullet. The sling bullet hits Grinder.
Grinder is moderately wounded.
Grinder says, "There's only one good use for a tongue: cutting it out."
Grinder gestures at you.
You barely resist. You shoot a sling bullet.
The sling bullet barely misses Grinder.
Grinder gestures at you. Pain shoots through your body!
Grinder blinks!
1779 ||| FLEEEEING.
Grinder blinks!
You shoot a sling bullet. The sling bullet barely misses Grinder.
You shoot a sling bullet.
The sling bullet closely misses Grinder.
Grinder hits you.
You writhe in agony.
You shoot a sling bullet.
The sling bullet closely misses Grinder.
Grinder hits you.
You shoot a sling bullet. The sling bullet hits Grinder.
Grinder is moderately wounded.
Grinder hits you.
You writhe in agony.
You shoot a sling bullet.
The sling bullet hits Grinder but does no damage.
Grinder is moderately wounded.
Grinder gestures at you. Pain shoots through your body!
Grinder closely misses you.
You shoot a sling bullet.
The sling bullet closely misses Grinder.
Grinder completely misses you.
You shoot a sling bullet. The sling bullet barely misses Grinder.
Grinder hits you but does no damage.
You shoot a sling bullet.
The sling bullet completely misses Grinder.
Grinder barely misses you.
You shoot a sling bullet.
The sling bullet hits Grinder but does no damage.
Grinder is moderately wounded.
Grinder hits you.
You die...

(. . ..# ... ..# ##+## #
#.###.# ##...## #
#.....###.....## # #
##.##..##.......######
##.#...#..#..............
..........'..........####
#.....5@.#........%.#.%.
#......#.##.......#.#.#.
#.###.#.####.....##.%.#)
#.### ##...###.#%#. #.
##+## #.#... .. #.#### ##
##. #


You could see Grinder.

Vanquished Creatures
  3 adders
  2 dart slugs (D:3)
  4 endoplasms
  3 giant cockroaches
  7 goblins
  A hobgoblin (D:1)
  6 kobolds
  2 quokkas
  5 ball pythons
  7 bats
  3 frilled lizards
  4 rats
47 creatures vanquished.

Notes
Turn   | Place    | Note
-------+----------+-------------------------------------------
     0 | D:1      | qw the Minotaur Hexslinger began the quest for the Orb.
     0 | D:1      | Reached XP level 1. HP: 16/16 MP: 1/1
     0 | D:1      | 0 ||| qw: Version: 0.3-a-52-g30416fa
     0 | D:1      | 0 ||| qw: Game counter: 5531
     0 | D:1      | 0 ||| qw: Melee chars always use a shield: true
     0 | D:1      | 0 ||| qw: God list: Okawaru
     0 | D:1      | 0 ||| qw: Allow faded altars: false
     0 | D:1      | 0 ||| qw: Do Orc after clearing Dungeon:15 true
     0 | D:1      | 0 ||| qw: Do second Lair branch before Depths: true
     0 | D:1      | 0 ||| qw: Lair rune preference: random
     0 | D:1      | 0 ||| qw: Goals: Normal
     0 | D:1      | 0 ||| PLANNING D:1-11
    91 | D:1      | Reached skill level 3 in Ranged Weapons
   107 | D:1      | Reached XP level 2. HP: 19/23 MP: 2/2
   129 | D:1      | You fall into a shaft and drop 1 floor!
   437 | D:2      | 437 ||| UPGRADING to +0 ring mail.
   447 | D:2      | 447 ||| DROPPING +0 robe.
   448 | D:2      | 448 ||| READING scroll labelled QITHRO ASAER.
   449 | D:2      | 449 ||| READING scroll labelled HYSOGH HE VOAH.
   450 | D:2      | 450 ||| READING scroll labelled DUXKIO XONKOU.
   451 | D:2      | 451 ||| DROPPING scroll of poison.
   495 | D:1      | Reached XP level 3. HP: 29/29 MP: 3/3
   710 | D:1      | Found Kixon's Weapon Shop.
   897 | D:1      | 897 ||| UPGRADING to +0 ring mail of willpower.
   907 | D:1      | 907 ||| UPGRADING to +3 leather armour.
   917 | D:1      | 917 ||| DROPPING +0 ring mail of willpower.
   918 | D:1      | 918 ||| DROPPING +0 ring mail.
  1034 | D:2      | Reached skill level 4 in Ranged Weapons
  1257 | D:2      | 1257 ||| READING scroll labelled FUYT YSEKI.
  1726 | D:3      | Identified the +1 great sword of the Coin {holy, Int+3}
  1730 | D:3      | Reached XP level 4. HP: 36/36 MP: 4/4
  1742 | D:3      | 1742 ||| Stepping ~*~*~tactically~*~*~ (outnumbered).
  1747 | D:3      | 1747 ||| Stepping ~*~*~tactically~*~*~ (outnumbered).
  1773 | D:3      | Noticed Grinder
  1779 | D:3      | 1779 ||| FLEEEEING.
  1783 | D:3      | HP: 8/36 [Grinder (3)]
  1784 | D:3      | HP: 3/36 [Grinder/nerve-wracking pain (1)]
  1788 | D:3      | Slain by Grinder

Levels and vault maps discovered:
D:1:      dpeg_arrival_refuge, layout_basic, serial_shops, shop
D:2:      layout_loops_ring
D:3:      layout_loops_corners, serial_shops, nicolae_shop_stone,
          minmay_gold_behind_fungi, minmay_checkerbox, uniq_grinder

Skill      XL: |  1  2  3 |
---------------+----------+-----
Ranged Weapons | 3 4 |  4.6
Fighting       | 2 |  2.0
Dodging        | |  2.1
Spellcasting   | |  1.0
Hexes          | |  2.0

Action                     |  1- 3 |  4- 6 || total
---------------------------+-------+-------++-------
   Fire: Sling             |   120 |    28 ||   148
    Use: Scroll            |     4 |       ||     4
 Armour: Ring mail         |     5 |       ||     5
         Leather armour    |     6 |     4 ||    10
  Dodge: Dodged            |    33 |     8 ||    41

Table legend:
 A = Non-vault XP
 B = Vault XP
 C = Vault XP percentage of total XP
 D = Non-vault monster count
 E = Vault monster count
 F = Vault count percentage of total count
                 A         B        C        D         E       F
            +---------+---------+-------+---------+---------+-------
      Total |      89 |      18 |  16.8 |      43 |       4 |   8.5
            +---------+---------+-------+---------+---------+-------
        D:1 |      31 |       0 |   0.0 |      22 |       0 |   0.0
        D:2 |      41 |       0 |   0.0 |      12 |       0 |   0.0
        D:3 |      17 |      18 |  51.4 |       9 |       4 |  30.8
            +---------+---------+-------+---------+---------+-------
